 Dungeon Crawl Stone Soup version 0.28-a0-706-gf6f64a616a (webtiles) character file.

Game seed: 5754259468331592426

4908 avis the Martial Artist (level 10, -5/97 HPs)
             Began as a Demigod Transmuter on Oct 24, 2021.
             Slain by an eight-headed hydra (6 damage)
             ... on level 1 of the Lair of Beasts on Oct 25, 2021.
             The game lasted 01:02:01 (11627 turns).

avis the Martial Artist (Demigod Transmuter)       Turns: 11627, Time: 01:02:02

Health: -5/97      AC:  7    Str: 15    XL:     10   Next: 6%
Magic:  27/30      EV: 12    Int: 19    God:
Gold:   218        SH:  0    Dex: 18    Spells: 11/19 levels left

rFire   x . .      SeeInvis .     - Unarmed
rCold   + + +      Faith    .   (shield currently unavailable)
rNeg    . . .      Spirit   .   (armour currently unavailable)
rPois   +          Reflect  .   (helmet currently unavailable)
rElec   .          Harm     .   (cloak currently unavailable)
rCorr   .          Rampage  .   (gloves currently unavailable)
Will    +....                   (boots currently unavailable)
Stlth   ++........              (no amulet)
HPRegen 0.26/turn               a - ring of protection from cold
MPRegen 0.22/turn               m - ring of magical power

@: lethally poisoned (-5 -> -10), ice-form
A: freezing attack, amphibious, boosted hp, large, high mp 1, forlorn
a: End Transformation


You were on level 1 of the Lair of Beasts.
You were a creature of crystalline ice.
You visited 3 branches of the dungeon, and saw 12 of its levels.

You collected 393 gold pieces.
You spent 175 gold pieces at shops.

Inventory:

Missiles
 t - 34 poisoned darts
 x - 9 boomerangs
 A - 5 atropa-tipped darts
 O - 5 javelins
Armour
 h - a +0 cloak (melded)
 o - a +2 pair of boots (melded)
 q - a +0 buckler (melded)
 C - +0 swamp dragon scales
 D - a +2 helmet (melded)
 J - +0 steam dragon scales (melded)
Magical Staves
 M - a staff of poison (melded)
Jewellery
 a - a ring of protection from cold (left front paw)
 m - a ring of magical power (right front paw)
Wands
 u - a wand of polymorph (5)
Scrolls
 d - 6 scrolls of blinking
 i - 3 scrolls of magic mapping
 p - 2 scrolls of enchant weapon {unknown}
 r - a scroll of fog {unknown}
 s - 3 scrolls of teleportation
 y - a scroll of immolation {unknown}
 z - a scroll of amnesia {unknown}
 E - 3 scrolls of enchant armour
 G - a scroll of fear {unknown}
Potions
 c - 2 potions of lignification
 j - 2 potions of flight
 l - 3 potions of attraction
 v - 2 potions of haste
 w - a potion of brilliance


   Skills:
 - Level 5.0 Fighting
 - Level 5.0 Dodging
 - Level 4.0 Shields
 * Level 8.3 Unarmed Combat
 - Level 5.0 Spellcasting
 - Level 5.0 Transmutations
 - Level 4.0 Ice Magic
 - Level 1.0 Poison Magic


You had 11 spell levels left.
You knew the following spells:

 Your Spells              Type           Power      Damage    Failure   Level
a - Beastly Appendage     Tmut           46%        N/A       1%          1
p - Spider Form           Tmut/Pois      8%         N/A       11%         3
q - Ice Form              Ice/Tmut       21%        N/A       19%         4

Your spell library contained the following spells:

 Spells                   Type           Power      Damage    Failure   Level
 Wereblood                Tmut           23%        N/A       2%          2
 Sublimation of Blood     Necr           2%         N/A       19%         2
 Stone Arrow              Conj/Erth      8%         3d7       36%         3
 Petrify                  Tmut/Erth      14%        N/A       41%         4
 Animate Armour           Summ/Erth      8%         N/A       77%         4
 Irradiate                Conj/Tmut      7%         3d16      77%         5
 Lehudib's Crystal Spear  Conj/Erth      2%         10d2      100%        8


Dungeon Overview and Level Annotations

Branches:
Dungeon (10/15)            Temple (1/1) D:7            Lair (1/6) D:8
    Orc (0/2) D:10

Shops:
D:4 ?   D:6 [!:?

Annotations:
D:4 Unexplored deep water
D:8 2 runed translucent doors
D:10 Harold


Innate Abilities, Weirdness & Mutations

You are a creature of crystalline ice.
You have a powerful freezing melee attack.
You are amphibious.
Your maximum health is increased.
Your armour is entirely melded.
You are incapable of wielding weapons or throwing items.
Your attributes grow dramatically as you level up.
You have an increased reservoir of magic. (+10% MP)
You shall have no god before yourself.


Message History

The cane toad stings you!
You are poisoned.
The cane toad poisons you!
You punch the cane toad! You freeze the cane toad.
The cane toad is moderately wounded.
You feel very sick. The cane toad stings you!
* * * LOW HITPOINT WARNING * * *
You feel much better.
You feel very sick. The cane toad stings you!
You barely miss the cane toad.
The cane toad is moderately wounded.
You feel very sick. The cane toad closely misses you.
You punch the cane toad!
The cane toad seems to slow down.
You freeze the cane toad.
The cane toad is severely wounded.
You feel very sick.
You pummel the eight-headed hydra!!
The eight-headed hydra seems to slow down.
You freeze the eight-headed hydra.
The eight-headed hydra is moderately wounded.
You feel sick.
You punch the eight-headed hydra!
The eight-headed hydra seems to slow down.
You freeze the eight-headed hydra.
The eight-headed hydra is heavily wounded.
You feel sick.
You pummel the eight-headed hydra!!
The eight-headed hydra seems to slow down.
You freeze the eight-headed hydra.
The eight-headed hydra is severely wounded.
You feel sick. The eight-headed hydra bites you!
* * * LOW HITPOINT WARNING * * *
The eight-headed hydra bites you!
* * * LOW HITPOINT WARNING * * *
The eight-headed hydra barely misses you.
The eight-headed hydra bites you.
You die...

,...#.##,**,,,,*,,,,,,,,,,,,,,,,,
,........,,,,,,,,,,,,,,*****,,,,,
.......P#**,*,,,,,*,*,**,****,,,,
.........,,,,,,,,,,,,***,,,*,,**,
...#D.!F#*,*,,,,**,,,###,,,,,*,**
...P....##**,,,,,*,,...,,,,,*,,,*
.........# **,,,**,..,,***,,,,,,*
...##....#########.#,,,**,,,,,,,*
,,#...........FDY..#*,,,,,,,,,*,*
**#........#.P.#####*,,,,,,*,,***
#.......###### *,,,,,,,***
#.......#***** **,,,,,,,*
###..#....#,,,,* *,**,,,,,*
#....####....,,** ****,*,,,*
.....# #..#..,,* *,,,,,,,,*
.....# ##...P*** *,,,**,,,**
.....# *.#..,******,,,,*,,,,*


You could see an eight-headed hydra (slow) and a cane toad (slow).

Vanquished Creatures
  Joseph (D:8)
  Maggie (D:8)
  A komodo dragon (Lair:1)
  Prince Ribbit (D:8)
  Sigmund (D:3)
  A wyvern (D:7)
  A steam dragon (D:8)
  Menkaure (D:5)
  5 water moccasins
  An ice beast (D:7)
  An orc warrior (D:10)
  A black bear (D:6)
  4 necrophages
  3 centaurs
  2 kobold brigands
  4 bullfrogs
  A wyvern zombie (D:6)
  2 scorpions (D:5)
  2 wyvern skeletons (D:6)
  A killer bee (D:8)
  An electric eel (D:7)
  2 howler monkeys (D:6)
  2 bullfrog zombies
  2 centaur zombies
  2 jellies
  3 hounds
  7 orc priests
  4 centaur skeletons
  8 orc wizards
  Natasha (thrice) (D:2)
  4 iguanas
  A hound zombie (D:5)
  9 adders
  A shadow imp (D:6)
  2 white imps
  2 ufetubi
  3 worms
  3 dart slugs
  17 orcs
  7 bats
  7 endoplasms
  6 giant cockroaches
  7 goblins
  4 hobgoblins
  6 jackals
  14 kobolds
  4 quokkas
  4 ball pythons
  2 frilled lizards
  5 rats
177 creatures vanquished.

Vanquished Creatures (others)
  An orc (D:8)
1 creature vanquished.

Grand Total: 178 creatures vanquished

Notes
Turn   | Place    | Note
-------+----------+-------------------------------------------
     0 | D:1      | avis the Demigod Transmuter began the quest for the Orb.
     0 | D:1      | Reached XP level 1. HP: 15/15 MP: 5/5
    62 | D:1      | Reached skill level 3 in Unarmed Combat
   191 | D:1      | Reached XP level 2. HP: 16/22 MP: 5/7
  1665 | D:2      | Reached XP level 3. HP: 27/27 MP: 6/8
  1736 | D:2      | Reached skill level 4 in Unarmed Combat
  1740 | D:2      | Learned a level 3 spell: Spider Form
  2313 | D:2      | Noticed Natasha
  2326 | D:2      | Killed Natasha
  2327 | D:2      | Reached skill level 1 in Poison Magic
  2327 | D:2      | Reached skill level 1 in Fighting
  2706 | D:3      | Noticed Sigmund
  2714 | D:3      | Killed Sigmund
  2715 | D:3      | Reached skill level 5 in Unarmed Combat
  2715 | D:3      | Reached XP level 4. HP: 22/37 MP: 9/9
  2715 | D:3      | Reached XP level 5. HP: 27/44 MP: 10/10
  2929 | D:2      | Noticed Natasha
  2938 | D:2      | Killed Natasha
  2944 | D:2      | Noticed Natasha
  3179 | D:2      | Killed Natasha
  3365 | D:3      | Reached XP level 6. HP: 43/51 MP: 11/11
  3620 | D:3      | Learned a level 4 spell: Ice Form
  4261 | D:4      | Reached skill level 6 in Unarmed Combat
  4292 | D:4      | Found Hufrutz's Magic Scroll Shop.
  5136 | D:4      | Bought a scroll of identify for 26 gold pieces
  5136 | D:4      | Bought a scroll of noise for 13 gold pieces
  5136 | D:4      | Bought a scroll of teleportation for 39 gold pieces
  5139 | D:4      | Upgraded the game from 0.28-a0-697-g47f3eba078 to
                  | 0.28-a0-706-gf6f64a616a
  5439 | D:5      | Entered Level 5 of the Dungeon
  5717 | D:5      | Reached XP level 7. HP: 32/57 MP: 12/12
  5725 | D:5      | Reached skill level 7 in Unarmed Combat
  6177 | D:5      | Noticed Menkaure
  6184 | D:5      | Killed Menkaure
  6185 | D:5      | Reached skill level 5 in Dodging
  6289 | D:5      | Reached XP level 8. HP: 66/66 MP: 13/13
  6680 | D:4      | Bought a scroll of blinking for 97 gold pieces
  6901 | D:6      | Found Ukhixiug's Distillery.
  7214 | D:6      | Found Yxops's Antique Armour Boutique.
  7219 | D:6      | Found Ocenoag's Book Emporium.
  7236 | D:6      | Found Ucauqijabu's Magic Scroll Boutique.
  7848 | D:6      | Reached skill level 5 in Transmutations
  8008 | D:7      | Found a staircase to the Ecumenical Temple.
  8032 | Temple   | Entered the Ecumenical Temple
  8193 | D:7      | Reached XP level 9. HP: 44/71 MP: 18/18
  8460 | D:7      | Reached skill level 8 in Unarmed Combat
  9120 | D:7      | Reached skill level 5 in Spellcasting
  9120 | D:7      | Reached skill level 1 in Ice Magic
  9466 | D:8      | Found a large runed translucent door.
  9468 | D:8      | Found a large runed translucent door.
  9718 | D:8      | Noticed Maggie
  9734 | D:8      | Killed Maggie
  9735 | D:8      | Reached skill level 1 in Shields
  9975 | D:8      | Noticed Prince Ribbit
  9978 | D:8      | Noticed Joseph
  9982 | D:8      | Killed Prince Ribbit
  9996 | D:8      | Killed Joseph
 10588 | D:8      | You fall into a shaft and drop 2 floors!
 10588 | D:10     | Entered Level 10 of the Dungeon
 10736 | D:10     | Found a staircase to the Orcish Mines.
 10737 | D:10     | Noticed Harold
 11107 | D:8      | Found a staircase to the Lair.
 11324 | D:8      | Reached XP level 10. HP: 79/80 MP: 21/21
 11532 | Lair:1   | Entered Level 1 of the Lair of Beasts
 11566 | Lair:1   | Reached skill level 5 in Fighting
 11609 | Lair:1   | Noticed an eight-headed hydra
 11627 | Lair:1   | HP: 1/97 [eight-headed hydra (10)]
 11627 | Lair:1   | Slain by an eight-headed hydra

Illustrated notes

Levels and vault maps discovered:
D:1:      ncdulo_smallfort, layout_basic
D:2:      layout_loops_corners, uniq_natasha
D:3:      layout_loops_ring, uniq_sigmund
D:4:      layout_loops_ring, serial_shops, nicolae_diamond_shop,
          grunt_decor_one_mirror, chequers_serial_rivers_large_a,
          minmay_crystal_water
D:5:      layout_rooms, nicolae_overflow_hidden_temple, uniq_menkaure
D:6:      layout_rooms, serial_shops, shop, nicolae_shop_waterfront, shop,
          nicolae_shop_stone, hangedman_minor_gate_pass
D:7:      layout_loops_ring, minmay_temple_entry_trees,
          minmay_misc_feat_secret_circle, nicolae_lava_and_water,
          glass_columns_a
D:8:      layout_basic, jmf_multi_god_temple2, lair_entry_dummy, uniq_joseph,
          uniq_prince_ribbit1, uniq_maggie
D:9:      layout_basic
D:10:     layout_gridville, orc_0_dummy, eino_curves_01, grunt_ogre_cave,
          nrook_campfire, minmay_misc_feat_encased, uniq_harold
Temple:   eino_temple_rhombus
Lair:1:   layout_misc_corridors, portal_ice_cave_demonic_guard

Skill      XL: |  1  2  3  4  5  6  7  8  9 10 |
---------------+-------------------------------+-----
Unarmed Combat | 3 5 6 7 8 |  8.3
Transmutations | 2 5 |  5.0
Poison Magic   | 1 |  1.0
Fighting       | 2 3 4 5 |  5.0
Dodging        | 5 |  5.0
Spellcasting   | 4 5 |  5.0
Ice Magic      | 4 |  4.0
Shields        | 4 |  4.0

Action                   |  1- 3 |  4- 6 |  7- 9 | 10-12 || total
-------------------------+-------+-------+-------+-------++-------
Melee: Unarmed           |   101 |   123 |   309 |    19 ||   552
       Kick              |    16 |    13 |     1 |       ||    30
       Headbutt          |    12 |     5 |       |       ||    17
       Punch             |       |     1 |       |       ||     1
 Cast: Beastly Appendage |    36 |    21 |     1 |       ||    58
       Spider Form       |     1 |    18 |    40 |     3 ||    62
       Ice Form          |       |       |     9 |     1 ||    10
  Use: Scroll            |       |     3 |     6 |     1 ||    10
       Potion            |       |       |     1 |     1 ||     2
 Stab: Sleeping          |     3 |     4 |     3 |       ||    10
Armor: Robe              |     7 |    22 |    14 |       ||    43
       Leather armour    |    16 |       |       |       ||    16
       Skin              |       |     3 |    32 |       ||    35
       Steam dragon scal |       |       |     1 |       ||     1
Dodge: Dodged            |    47 |    92 |   304 |    11 ||   454

Table legend: (Time is in decaauts)
 A = Elapsed time spent in this place.
 B = Non-inter-level travel time spent in this place.
 C = Inter-level travel time spent in this place.
 D = Time resting spent in this place.
 E = Time spent auto-exploring this place.
 F = Levels seen in this place.
 G = Mean time per level.
                   A        B        C        D        E       F      G
               +--------+--------+--------+--------+--------+-----+--------+
         Total |  11593 |  10670 |    923 |   3767 |   4219 |  12 |  966.1 |
       Dungeon |  11485 |  10562 |    923 |   3767 |   4219 |  10 | 1148.5 |
        Temple |     15 |     15 |      0 |      0 |      0 |   1 |   15.0 |
          Lair |     92 |     92 |      0 |      0 |      0 |   1 |   92.0 |
               +--------+--------+--------+--------+--------+-----+--------+

Top non-repeatable levels by time:
     D:7: 2038 daAuts
     D:4: 1571 daAuts
     D:2: 1509 daAuts
     D:1: 1434 daAuts
     D:3: 1302 daAuts
     D:5: 1122 daAuts
     D:6: 1045 daAuts
     D:8: 980 daAuts
     D:9: 307 daAuts
    D:10: 174 daAuts
  Lair:1: 92 daAuts
  Temple: 15 daAuts
